 Dungeon Crawl Stone Soup version 0.30.0-29-ga12c61a403 (webtiles) character file.

Game seed: 4644420409506220614

38600 DemonSlayer the Geomancer (level 13, -6/90 HPs)
             Began as a Demonspawn Earth Elementalist on June 23, 2023.
             Was a High Priest of Dithmenos.
             Mangled by a two-headed ogre
             ... wielding a +0 giant club
              (17 damage)
             ... on level 1 of the Orcish Mines.
             The game lasted 00:48:39 (24346 turns).

DemonSlayer the Geomancer (DsEE)                   Turns: 24346, Time: 00:48:39

Health: -6/90      AC: 24    Str:  9    XL:     13   Next: 64%
Magic:  0/38       EV: 14    Int: 26    God:    Dithmenos [*****.]
Gold:   4110       SH:  0    Dex: 18    Spells: 10/36 levels left

rFire   . . .        E - +3 mace of Ofunua {protect, Int+4 Dex+5}
rCold   . . .        (no shield)
rNeg    . . .        O - +0 troll leather armour
rPois   .            I - +2 hat of the Bear Spirit {Spirit, Bear, *Rage Will++}
rElec   .            y - +0 cloak
rCorr   .            (no gloves)
SInv    .            (no boots)
Will    ++...        f - amulet of regeneration
Stlth   +++++        H - ring of magical power
HPRegen 1.95/turn    b - ring of the Mage {Wiz Archmagi}
MPRegen 0.26/turn

%: random rage (20%), guardian spirit, wizardry (x1), archmagi
@: sanguine armoured, under a protective aura, wreathed by umbra
A: hooves 1, foul stench 3, sanguine armour 2
a: Renounce Religion, Shadow Step, Shadow Form


You were on level 1 of the Orcish Mines.
You worshipped Dithmenos.
Dithmenos was extremely pleased with you.
You visited 4 branches of the dungeon, and saw 17 of its levels.
You also visited: Gauntlet.

You collected 4110 gold pieces.

Inventory:

Hand Weapons
 r - a +9 dagger of venom
 E - the +3 mace of Ofunua (weapon) {protect, Int+4 Dex+5}
   (You found it on level 7 of the Dungeon)

   Int:       It affects your intelligence (+4).
   Dex:       It affects your dexterity (+5).
Missiles
 t - 6 silver boomerangs
 A - 2 curare-tipped darts
Armour
 y - a +0 cloak (worn)
 I - the +2 hat of the Bear Spirit (worn) {Spirit, Bear, *Rage Will++}
   (You found it on level 7 of the Dungeon)

   Bear:      Going berserk makes the wearer exceptionally tough, and they are
   slowed for a shorter time afterward.
   *Rage:     It berserks you when you make melee attacks (+20% chance).
   Will:      It greatly increases your willpower.
 O - a +0 troll leather armour (worn)
Jewellery
 b - the ring of the Mage (right hand) {Wiz Archmagi}
   (You acquired it on level 1 of the Lair of Beasts)

   [ring of wizardry]

   It improves your spell success rate.
   Archmagi:  It increases the power of your magical spells.
 d - a ring of resist corrosion
 f - an amulet of regeneration (around neck)
 j - a ring of protection from cold
 H - a ring of magical power (left hand)
Wands
 v - a wand of mindburst (7)
 D - a wand of paralysis (17)
 J - a wand of acid (4)
 K - a wand of flame (25)
 L - a wand of digging (12)
 M - a wand of iceblast (13)
Scrolls
 c - a scroll of vulnerability
 e - 2 scrolls of immolation
 h - a scroll of silence
 i - 6 scrolls of teleportation
 m - 4 scrolls of blinking
 q - 2 scrolls of poison
 s - 3 scrolls of fear
 z - 2 scrolls of magic mapping
 B - 2 scrolls of enchant armour
 C - 4 scrolls of amnesia
 P - a scroll of butterflies
Potions
 g - 3 potions of mutation
 k - a potion of haste
 l - 7 potions of curing
 n - a potion of berserk rage
 o - a potion of might
 p - 2 potions of heal wounds
 u - 2 potions of ambrosia
 w - 3 potions of brilliance
 x - a potion of resistance {unknown}
 G - a potion of cancellation {unknown}
 N - 4 potions of flight {unknown}


   Skills:
 + Level 4.6 Fighting
 + Level 1.1 Short Blades
 + Level 4.8 Maces & Flails
 + Level 0.2 Throwing
 + Level 5.3 Armour
 + Level 5.5 Dodging
 + Level 5.1 Stealth
 + Level 0.1 Unarmed Combat
 + Level 12.3 Spellcasting
 + Level 8.4 Conjurations
 + Level 0.9 Hexes
 + Level 0.8 Transmutations
 + Level 0.1 Air Magic
 + Level 12.5 Earth Magic
 + Level 0.4 Poison Magic
 + Level 2.4 Evocations


You had 10 spell levels left.
You knew the following spells:

 Your Spells              Type           Power      Damage    Failure   Level
a - Sandblast             Erth           100%       2d20      1%          1
b - Stone Arrow           Conj/Erth      100%       3d13      1%          3
c - Passwall              Tmut/Erth      55%        N/A       1%          2
d - Petrify               Tmut/Erth      66%        N/A       1%          4
e - Dazzling Flash        Conj/Hex       100%       N/A       1%          3
f - Blink                 Tloc           48%        N/A       3%          2
g - Mephitic Cloud        Conj/Pois/Air  47%        N/A       1%          3
h - Leda's Liquefaction   Hex/Erth       33%        N/A       1%          4
i - Iskenderun's Mystic   Conj/Tloc      54%        2d12      3%          4

Your spell library contained the following spells:

 Spells                   Type           Power      Damage    Failure   Level
 Apportation              Tloc           48%        N/A       1%          1
 Beastly Appendage        Tmut           60%        N/A       1%          1
 Slow                     Hex            100%       N/A       1%          1
 Sting                    Tmut/Pois      100%       1d8       1%          1
 Momentum Strike          Conj/Tloc      100%       3d10      1%          2
 Static Discharge         Conj/Air       100%       2-7/arc   1%          2
 Wereblood                Tmut           30%        N/A       1%          2
 Poisonous Vapours        Pois/Air       52%        N/A       2%          2
 Lesser Beckoning         Tloc           48%        N/A       3%          2
 Confusing Touch          Hex            31%        N/A       4%          3
 Portal Projectile        Hex/Tloc       54%        N/A       4%          3
 Spider Form              Tmut/Pois      29%        N/A       4%          3
 Call Canine Familiar     Summ           24%        N/A       6%          3
 Volatile Blastmotes      Fire/Tloc      48%        2d14      6%          3
 Olgreb's Toxic Radiance  Pois           27%        N/A       16%         4
 Freezing Cloud           Conj/Ice/Air   23%        6-21      16%         5
 Airstrike                Air            12%        2d(2-18)  17%         4
 Animate Dead             Necr           24%        N/A       19%         4
 Summon Lightning Spire   Summ/Air       24%        N/A       19%         4
 Alistair's Intoxication  Tmut/Pois      19%        N/A       38%         5
 Silence                  Hex/Air        14%        N/A       38%         5
 Agony                    Necr           24%        N/A       45%         5
 Starburst                Conj/Fire      27%        6d9       45%         6
 Enfeeble                 Hex            15%        N/A       100%        7


Dungeon Overview and Level Annotations

Branches:
Dungeon (11/15)            Temple (1/1) D:7            Lair (3/5) D:10
  Swamp (0/4) Lair:2       Spider (0/4) Lair:2          Orc (2/2) D:11
    Elf (0/3) Orc:2       Gauntlet (visited)

Altars:
Ashenzari
Cheibriados
Dithmenos
Fedhas
Gozag
Hepliaklqana
Kikubaaqudgha
Makhleb
Nemelex Xobeh
Okawaru
Qazlal
Ru
Sif Muna
Trog
Uskayaw
Vehumet
Wu Jian
Xom
Yredelemnul

Shops:
Orc:1 :


Innate Abilities, Weirdness & Mutations

You have large cloven feet.
You frequently emit foul miasma when damaged in melee.
When seriously injured, your blood forms thick armour. (AC +9)


Message History

The stone arrow hits the two-headed ogre!
The two-headed ogre is moderately wounded.
The orc warrior hits you with a +0 hand axe.
The two-headed ogre is engulfed in dark miasma.
The two-headed ogre is poisoned.
The two-headed ogre hits you with a +0 giant club!
The two-headed ogre hits you with a +0 giant spiked club.
Unknown command.
The orc priest closely misses you. The orc warrior completely misses you.
You climb upwards.
Reactivating autopickup.
There is a stone staircase leading down, spattered with blood here.
Things that are here:
a +0 giant club; a +1 plate armour of cold resistance; a +0 heavy long sword Unknown command.
Unknown command.
You hit the two-headed ogre but do no damage.
Your weapon exudes an aura of protection.
You kick the two-headed ogre, but do no damage.
The two-headed ogre is heavily wounded.
The two-headed ogre closely misses you.
The two-headed ogre hits you with a +0 giant spiked club!
The orc warrior hits you with a +0 hand axe!
You emit a cloud of foul miasma!
The orc priest looks encouraged for a moment.
Unknown command.
Unknown command.
Unknown command.
You hit the two-headed ogre but do no damage.
The two-headed ogre is heavily wounded.
Your shadow barely misses the two-headed ogre.
The orc warrior is engulfed in dark miasma.
The orc warrior is poisoned.
The orc warrior hits you but does no damage.
The orc priest hits you but does no damage.
The two-headed ogre hits you with a +0 giant club!!
* * * LOW HITPOINT WARNING * * *
You emit a cloud of foul miasma!
The two-headed ogre hits you with a +0 giant spiked club!!
You die...

####.#### ##.##.#....##.##..#.##
##.#.##.####...........###......#
#........#.#..##.........#.......
#.......#......#...#........#...#
##......##.....................#.
.##....##...[..#[..[.............
..##...#.........)...............
...#...........oO)...............
..#)........[...@<............#.#
.)..)......^....o.............###
)))))...#..........#..##.......#
..)).).#........####..###......##
..))............###....§##......#
...............>##......≈##..#.##
................#≈...§§§≈≈#.####
...>..##..##.##.##≈≈§≈§§#####
.#...####..###...##≈≈#§##


You could see a two-headed ogre (poisoned), an orc warrior (poisoned) and an orc
priest.

Vanquished Creatures
  Kirke (Lair:3)
  Gastronok (D:9)
  An orc warlord (Orc:1)
  A minotaur (Gauntlet)
  A hydra (Lair:3)
  A catoblepas (Lair:3)
  2 two-headed ogres
  2 boulder beetles
  Sonja (D:11)
  2 deep elf pyromancers
  An orc sorcerer (Orc:1)
  A manticore (D:7)
  6 elephants (Lair:3)
  Maurice (Orc:1)
  3 black mambas (Lair:3)
  Joseph (D:9)
  4 cane toads
  2 gargoyles (D:7)
  2 unseen horrors
  6 komodo dragons
  Psyche (D:8)
  A polar bear (Lair:2)
  5 trolls
  2 tyrant leeches (Lair:2)
  6 blink frogs (Lair:1)
  A hornet (D:9)
  4 centaur simulacra (Gauntlet)
  2 shadows
  3 wyverns
  3 hogs (Lair:3)
  2 jumping spiders (Lair:2)
  A vampire (D:9)
  4 wraiths
  The ghost of jujuben the Ruffian, an amateur TrTm (D:4)
  Eustachio (D:5)
  Grum (D:8)
  A redback (Lair:2)
  41 yaks
  4 basilisks
  2 wargs (Orc:1)
  An acid dragon (D:11)
  3 swamp worms (Lair:2)
  9 water moccasins
  11 orc warriors
  2 ice beasts
  A swamp drake (D:10)
  3 black bears
  A sky beast (D:8)
  13 wolves
  5 centaurs
  9 ogres
  2 kobold brigands (D:10)
  2 gnoll sergeants
  6 bullfrogs
  4 scorpions
  15 wights
  4 killer bees (D:7)
  A jelly (D:4)
  A howler monkey (D:7)
  A wyvern simulacrum (Gauntlet)
  3 hounds
  10 orc priests
  A gnoll bouda (D:6)
  2 sleepcaps
  Natasha (thrice) (D:2)
  2 iguanas
  17 orc wizards
  4 hell rats
  A statue (D:6)
  Robin (D:2)
  14 gnolls
  13 adders
  A shadow imp (D:5)
  3 white imps
  2 ufetubi
  10 worms
  A dart slug (D:2)
  52 orcs
  10 ball pythons
  8 endoplasms
  3 giant cockroaches
  13 goblins
  7 hobgoblins
  4 jackals (D:5)
  18 kobolds
  3 quokkas
  4 bats
  3 frilled lizards
  2 rats
  A spectral orc (D:4)
  A butterfly (D:7)
437 creatures vanquished.

Vanquished Creatures (others)
  4 humans (Lair:3)
  A wyvern (Lair:3)
5 creatures vanquished.

Grand Total: 442 creatures vanquished

Notes
Turn   | Place    | Note
-------+----------+-------------------------------------------
     0 | D:1      | DemonSlayer the Demonspawn Earth Elementalist began the
                  | quest for the Orb.
     0 | D:1      | Reached XP level 1. HP: 13/13 MP: 3/3
   895 | D:2      | Gained mutation: When seriously injured, your blood forms
                  | armour. (AC +9) [demonic ancestry]
   895 | D:2      | Reached XP level 2. HP: 19/19 MP: 3/5
   970 | D:2      | Noticed Robin
   994 | D:2      | Gained mutation: You may rarely emit foul miasma when
                  | damaged in melee. [demonic ancestry]
   994 | D:2      | Reached XP level 3. HP: 18/24 MP: 0/6
  1013 | D:1      | Learned a level 3 spell: Stone Arrow
  1016 | D:1      | Learned a level 2 spell: Passwall
  1230 | D:2      | Found a faded altar of an unknown god.
  1504 | D:2      | Killed Robin
  1651 | D:2      | Reached XP level 4. HP: 26/30 MP: 4/8
  1919 | D:2      | Noticed Natasha
  1925 | D:2      | Killed Natasha
  2189 | D:2      | Noticed Natasha
  2192 | D:2      | Killed Natasha
  2193 | D:2      | Gained mutation: You sometimes emit foul miasma when
                  | damaged in melee. [demonic ancestry]
  2193 | D:2      | Reached XP level 5. HP: 35/35 MP: 5/9
  2290 | D:2      | Noticed Natasha
  2294 | D:2      | Killed Natasha
  2392 | D:3      | Found a shimmering blue altar of Sif Muna.
  2475 | D:3      | Reached XP level 6. HP: 41/41 MP: 1/11
  2617 | D:3      | Found an ornate altar of the Wu Jian Council.
  3103 | D:3      | Found a sacrificial altar of Ru.
  3104 | D:3      | Found a blossoming altar of Fedhas.
  3105 | D:3      | Found a bloodstained altar of Trog.
  3105 | D:3      | Found a stormy altar of Qazlal.
  3123 | D:3      | Found an iron altar of Okawaru.
  3291 | D:3      | Learned a level 4 spell: Petrify
  3295 | D:3      | Learned a level 3 spell: Dazzling Flash
  3433 | D:4      | Reached skill level 5 in Earth Magic
  3614 | D:4      | Noticed a water moccasin
  3619 | D:4      | Killed a water moccasin
  3824 | D:4      | Gained mutation: You frequently emit foul miasma when
                  | damaged in melee. [demonic ancestry]
  3824 | D:4      | Reached XP level 7. HP: 36/46 MP: 11/14
  3842 | D:5      | Entered Level 5 of the Dungeon
  3946 | D:5      | Reached skill level 5 in Spellcasting
  4222 | D:5      | Noticed Eustachio
  4230 | D:5      | Killed Eustachio
  4418 | D:5      | Reached skill level 1 in Short Blades
  4544 | D:5      | Reached XP level 8. HP: 53/53 MP: 11/16
  5346 | D:4      | Noticed jujuben's ghost (amateur TrTm)
  5349 | D:4      | Found a runed translucent door.
  5410 | D:4      | You fall into a shaft and drop 1 floor!
  5667 | D:4      | Reached skill level 1 in Armour
  6171 | D:4      | Found a basalt altar of Yredelemnul.
  6410 | D:4      | Killed jujuben's ghost
  6681 | D:6      | Gained mutation: You have large cloven feet. [demonic
                  | ancestry]
  6681 | D:6      | Reached XP level 9. HP: 58/58 MP: 16/19
  6767 | D:6      | Found a radiant altar of Vehumet.
  7103 | D:6      | Reached skill level 1 in Fighting
  7259 | D:6      | Learned a level 2 spell: Blink
  7263 | D:6      | Learned a level 3 spell: Mephitic Cloud
  7300 | D:7      | Found a shimmering altar of Xom.
  7331 | D:7      | Found a staircase to the Ecumenical Temple.
  7374 | Temple   | Entered the Ecumenical Temple
  7481 | Temple   | Became a worshipper of Dithmenos the Shadowed
  7769 | D:7      | Reached skill level 1 in Conjurations
  8100 | D:7      | Identified the +3 mace of Ofunua {protect, Int+4 Dex+5}
  8174 | D:7      | Got the Directory of Destined Sciomancy
  8292 | D:7      | Noticed a troll
  8296 | D:7      | Killed a troll
  8416 | D:7      | Found the +2 hat of the Bear Spirit {Spirit, Bear, *Rage
                  | Will++}
  8419 | D:7      | Reached * piety under Dithmenos
  8424 | D:7      | Reached XP level 10. HP: 65/65 MP: 18/22
  8424 | D:7      | Noticed a boulder beetle
  8424 | D:7      | Noticed a deep elf pyromancer
  8424 | D:7      | Noticed a manticore
  8424 | D:7      | Noticed a gargoyle
  8424 | D:7      | Noticed a gargoyle
  8793 | D:7      | Found a sparkling altar of Nemelex Xobeh.
  8950 | D:7      | Killed a boulder beetle
  8951 | D:7      | Reached skill level 1 in Evocations
  9302 | D:7      | Killed a deep elf pyromancer
  9314 | D:7      | Killed a gargoyle
  9322 | D:7      | Killed a manticore
  9323 | D:7      | Reached skill level 1 in Maces & Flails
  9411 | D:7      | Killed a gargoyle
  9582 | D:7      | Identified the staff of cold "Joxeizo" {rPois rC+ Dex+2}
 10106 | D:8      | Reached skill level 10 in Earth Magic
 10342 | D:8      | Reached XP level 11. HP: 72/72 MP: 1/24
 10349 | D:8      | Reached ** piety under Dithmenos
 10738 | D:8      | Noticed Grum
 10744 | D:8      | Killed Grum
 11144 | D:8      | Noticed Psyche
 11149 | D:8      | Killed Psyche
 11598 | D:9      | Noticed Joseph
 11605 | D:9      | Killed Joseph
 11751 | D:9      | Paralysed by a hornet for 2 turns
 12365 | D:9      | Found a broken altar of Ashenzari.
 12603 | D:9      | Noticed Gastronok
 12614 | D:9      | Killed Gastronok
 12615 | D:9      | Reached skill level 10 in Spellcasting
 12910 | D:10     | Entered Level 10 of the Dungeon
 12949 | D:10     | Reached skill level 5 in Conjurations
 13338 | D:10     | Reached *** piety under Dithmenos
 13971 | D:10     | Found a staircase to the Lair.
 14462 | Lair:1   | Entered Level 1 of the Lair of Beasts
 14563 | Lair:1   | Identified 3 scrolls of acquirement
 14564 | Lair:1   | Acquired 730 gold pieces
 14566 | Lair:1   | Acquired the ring of the Mage {Wiz Archmagi}
 14566 | Lair:1   | Found the ring of the Mage {Wiz Archmagi}
 14571 | Lair:1   | Acquired 601 gold pieces
 14609 | Lair:1   | Reached XP level 12. HP: 78/81 MP: 20/26
 16041 | Lair:1   | Learned a level 4 spell: Leda's Liquefaction
 16498 | Lair:2   | Noticed a boulder beetle
 16521 | Lair:2   | Killed a boulder beetle
 16782 | Lair:2   | Found a hole to the Spider Nest.
 17564 | Lair:2   | Reached skill level 5 in Dodging
 17973 | Lair:2   | Found a staircase to the Swamp.
 18116 | Lair:2   | Learned a level 4 spell: Iskenderun's Mystic Blast
 18166 | Lair:3   | Reached skill level 5 in Armour
 18281 | Lair:3   | Reached **** piety under Dithmenos
 18441 | Lair:3   | Noticed a four-headed hydra
 18449 | Lair:3   | Killed a four-headed hydra
 18539 | Lair:3   | Noticed Kirke
 18558 | Lair:3   | Noticed a sphinx
 18562 | Lair:3   | Killed Kirke
 18563 | Lair:3   | Gained mutation: When seriously injured, your blood forms
                  | thick armour. (AC +9) [demonic ancestry]
 18563 | Lair:3   | Reached XP level 13. HP: 90/90 MP: 5/28
 19433 | Lair:3   | Identified the staff of air "Xierast" {Contam rElec rC+
                  | Int+2 Dex+5}
 19922 | Lair:3   | Acquired 943 gold pieces
 20114 | D:11     | Found a gate leading to a gauntlet.
 20118 | D:11     | Found a staircase to the Orcish Mines.
 20122 | Gauntlet | Entered a Gauntlet
 20122 | Gauntlet | Found a transporter.
 20122 | Gauntlet | Found a transporter.
 20195 | Gauntlet | Found a transporter.
 20199 | Gauntlet | Found a transporter.
 20207 | Gauntlet | Found a transporter.
 20209 | Gauntlet | Found the ring of the Tortoise {AC+8}
 20211 | Gauntlet | Found a transporter.
 20219 | Gauntlet | Found a transporter.
 20234 | Gauntlet | Noticed a reaper
 20236 | Gauntlet | Found a transporter.
 20251 | Gauntlet | Found a transporter.
 20255 | Gauntlet | Found a transporter.
 20257 | Gauntlet | Found a runed translucent gate.
 20257 | Gauntlet | Found a runed translucent gate.
 20257 | Gauntlet | Found a runed translucent gate.
 20263 | Gauntlet | Found a transporter.
 20267 | Gauntlet | Found a transporter.
 20373 | Gauntlet | Reached ***** piety under Dithmenos
 20685 | Gauntlet | Identified the +0 robe of Autotheism {rF+ Str+5}
 20814 | Gauntlet | Noticed a minotaur
 20828 | Gauntlet | Killed a minotaur
 21185 | Gauntlet | Acquired 599 gold pieces
 21286 | D:11     | Noticed Sonja
 21288 | D:11     | Killed Sonja
 22147 | Orc:1    | Entered Level 1 of the Orcish Mines
 23379 | Orc:1    | Noticed Maurice
 23388 | Orc:1    | Killed Maurice
 23389 | Orc:1    | Reached skill level 5 in Stealth
 23536 | Orc:1    | Noticed an orc warlord
 23557 | Orc:1    | Killed an orc warlord
 23825 | Orc:1    | Found Kiridezu's Book Shop.
 23919 | Orc:2    | Entered Level 2 of the Orcish Mines
 23921 | Orc:2    | Found a staircase to the Elven Halls.
 24346 | Orc:1    | Mangled by a two-headed ogre

Illustrated notes

Levels and vault maps discovered:
D:1:      nicolae_arrival_washed_ashore, layout_loops_corners, st_stairs_13
D:2:      layout_basic, ebering_ecumenical_altar_webs, chequers_avenue,
          uniq_natasha, uniq_robin
D:3:      layout_loops_ring, nicolae_wu_jian_immortal_techniques, minitemple
D:4:      layout_basic, yredelemnul_forgotten_temple_becter,
          hellmonk_ghost_happy_afterlife, corexii_shack,
          minmay_fractal_squares_gapless_5
D:5:      layout_basic, nicolae_wormholes, uniq_eustachio
D:6:      layout_loops_ring, vehumet_statue
D:7:      minmay_the_grid_triangle_9x9_rhombus_full
          [minmay_the_grid_triangle_9x9_dagger,
          minmay_the_grid_triangle_9x9_corrupted_corridor,
          minmay_the_grid_triangle_9x9_sprig,
          minmay_the_grid_triangle_9x9_minimal,
          minmay_the_grid_triangle_9x9_swiss_cheese,
          minmay_the_grid_triangle_9x9_empty,
          minmay_the_grid_triangle_9x9_skeleton,
          minmay_the_grid_triangle_9x9_prize_top_heavy], layout_basic,
          mainiacjoe_overflow_alcove_2, nemelex_dance_club_becter,
          xom_butterflies
D:8:      layout_cave_pools, zin_academy, uniq_grum, uniq_psyche
D:9:      layout_basic, nicolae_ashenzari_skybound, uniq_joseph, uniq_gastronok
D:10:     layout_basic, erik_lair_dragon
D:11:     layout_loops_ring, orc_0_dummy, gauntlet_entry_generic,
          serial_park_tiny_2, uniq_sonja
Temple:   nicolae_temple_godpark
Lair:1:   layout_cellular_growth, serial_bayou_pond_e, serial_bayou_shore_b,
          grunt_megastairs_5
Lair:2:   layout_loops_ring, minmay_swamp_entry_worms, spider_nest_entry_a
Lair:3:   layout_regular_city, uniq_kirke
Orc:1:    layout_caves, serial_shops, nicolae_shop_real_fake_doors,
          nicolae_orc_lava_room, uniq_maurice
Orc:2:    kennysheep_orc_mage_school, layout_caves, nicolae_orc_damp_corner

Skill      XL: |  1  2  3  4  5  6  7  8  9 10 11 12 13 |
---------------+----------------------------------------+-----
Earth Magic    | 3 4 5 6 7 9 10 11 12 | 12.5
Dodging        | 2 3 4 5 |  5.5
Spellcasting   | 3 4 5 7 8 9 10 11 12 | 12.3
Stealth        | 2 3 4 5 |  5.1
Short Blades   | 1 |  1.1
Armour         | 1 2 3 4 5 |  5.3
Fighting       | 1 2 3 4 |  4.6
Conjurations   | 2 3 5 7 8 |  8.4
Evocations     | 1 2 |  2.4
Maces & Flails | 2 3 4 |  4.8
Throwing       | |  0.2
Unarmed Combat | |  0.1
Hexes          | |  0.9
Transmutations | |  0.8
Air Magic      | |  0.1
Poison Magic   | |  0.4

Action                     |  1- 3 |  4- 6 |  7- 9 | 10-12 | 13-15 || total
---------------------------+-------+-------+-------+-------+-------++-------
  Melee: Unarmed           |     7 |       |       |       |       ||     7
         Dagger            |     8 |    13 |    17 |       |       ||    38
         Kick              |       |       |     2 |    97 |    16 ||   115
         Mace              |       |       |       |   214 |    44 ||   258
         Punch             |       |       |       |     6 |       ||     6
  Throw: Boomerang         |       |       |       |     1 |       ||     1
   Cast: Sandblast         |    44 |    77 |   177 |     6 |       ||   304
         Stone Arrow       |       |       |    21 |   312 |   137 ||   470
         Mephitic Cloud    |       |       |       |     3 |     3 ||     6
         Dazzling Flash    |       |       |       |       |     2 ||     2
         Leda's Liquefacti |       |       |       |       |     1 ||     1
  Evoke: Wand              |       |       |       |    13 |    14 ||    27
    Use: Potion            |     1 |     1 |     1 |     6 |     2 ||    11
         Scroll            |       |       |    13 |    13 |    10 ||    36
   Stab: Sleeping          |     1 |     2 |     5 |     2 |       ||    10
         Petrified         |       |       |       |       |     5 ||     5
 Armour: Robe              |    14 |    14 |     7 |       |       ||    35
         Acid dragon scale |       |       |    58 |    99 |       ||   157
         Troll leather arm |       |       |       |    95 |    50 ||   145
         Skin              |       |       |       |     2 |       ||     2
  Dodge: Dodged            |    30 |    25 |    84 |   275 |   132 ||   546
